 Dungeon Crawl Stone Soup version 0.30-a0-782-ge64f9170bb (webtiles) character file.

Game seed: 9969131887898301583

709 theswoord the Cruncher (level 7, -1/50 HPs)
             Began as a Demonspawn Gladiator on Feb 19, 2023.
             Slain by a gnoll
             ... wielding a +3 halberd
              (7 damage)
             ... on level 4 of the Dungeon.
             The game lasted 00:06:13 (3392 turns).

theswoord the Cruncher (Demonspawn Gladiator)       Turns: 3392, Time: 00:06:13

Health: -1/50      AC:  7    Str: 16    XL:     7   Next: 40%
Magic:  7/7        EV: 10    Int: 10    God:
Gold:   148        SH:  0    Dex: 14    Spells: 6/6 levels left

rFire   + . .      SeeInvis .    a - +1 quarterstaff
rCold   + . .      Faith    .    (shield currently unavailable)
rNeg    . . .      Spirit   .    l - +0 scale mail
rPois   .          Reflect  .    c - +0 helmet
rElec   .          Harm     .    (no cloak)
rCorr   .          Rampage  .    (no gloves)
Will    .....                    (no boots) Stlth
                                 o - amulet of regeneration
HPRegen 1.08/turn                k - ring of protection from fire
MPRegen 0.10/turn                r - ring of protection from cold

@: no status effects
A: demonic guardian 1, demonic magic 1, demonic touch 1, sense surroundings 1,
evolution 1
a: no special abilities


You were on level 4 of the Dungeon.
You visited 1 branch of the dungeon, and saw 4 of its levels.

You collected 148 gold pieces.

Inventory:

Hand Weapons
 a - a +1 quarterstaff (weapon)
Missiles
 d - 2 throwing nets (quivered)
 e - a javelin
Armour
 b - a +0 leather armour
 c - a +0 helmet (worn)
 l - a +0 scale mail (worn)
Jewellery
 k - a ring of protection from fire (left hand)
 m - an amulet of reflection
 o - an amulet of regeneration (around neck)
 r - a ring of protection from cold (right hand)
Scrolls
 f - 2 scrolls of poison
 n - a scroll of teleportation
 s - 2 scrolls of identify
 u - a scroll of magic mapping
Potions
 g - a potion of heal wounds
 h - 2 potions of lignification
 i - a potion of resistance
 j - a potion of curing {unknown}
 q - a potion of haste {unknown}


   Skills:
 - Level 2.0 Fighting
 + Level 8.0 Staves
 - Level 1.7 Throwing
 - Level 2.6 Dodging


You had 6 spell levels left.
You didn't know any spells.
Your spell library contained the following spells:

 Spells                   Type           Power      Damage    Failure   Level
 Blink                    Tloc           0%         N/A       91%         2
 Dazzling Flash           Conj/Hex       0%         N/A       99%         3
 Iskenderun's Mystic Bla  Conj/Tloc      0%         2d3       100%        4
 Manifold Assault         Tloc           0%         N/A       100%        4
 Starburst                Conj/Fire      0%         6d3       100%        6
 Storm Form               Tmut/Air       0%         N/A       100%        7


Dungeon Overview and Level Annotations

Branches:
Dungeon (4/15)
 Temple: D:4-7

Altars:


Innate Abilities, Weirdness & Mutations

A weak demonic guardian rushes to your aid.
Spells you cast may paralyse adjacent enemies.
Your touch may inflict minor irresistible damage on your foes.
You passively map a small area around you.
You have hidden genetic potential.


Message History

The gnoll closely misses you. The gnoll misses you.
Okay, then.
Throw: 2 throwing nets
Aim: a gnoll, wielding a +0 flail (63% to hit)
Okay, then.
The gnoll attacks as you move away! The gnoll hits you with a +0 flail.
Things that are here:
a +0 pair of gloves; 15 gold pieces The gnoll attacks as you move away!
The gnoll closely misses you.
You sock the gnoll! The gnoll misses you.
You closely miss the gnoll. The gnoll hits you with a +0 flail.
You hit the gnoll. The gnoll barely misses you.
You hit the gnoll but do no damage. The gnoll hits you with a +0 flail!
You hit the gnoll. The gnoll completely misses you.
You sock the gnoll!
You kill the gnoll!
Your Staves skill increases to level 8!
You closely miss the gnoll. The gnoll hits you with a +0 flail!
You closely miss the gnoll. You hit the gnoll.
The gnoll hits you but does no damage.
You barely miss the gnoll. The gnoll barely misses you.
You sock the gnoll! The gnoll hits you with a +0 flail.
You hit the gnoll.
You kill the gnoll!
You hit the gnoll. The gnoll hits you with a +0 whip!
* * * LOW HITPOINT WARNING * * *
You sock the gnoll!
The gnoll hits you from afar with a +3 halberd.
* * * LOW HITPOINT WARNING * * *
The gnoll hits you with a +0 whip!
* * * LOW HITPOINT WARNING * * *
You hit the gnoll but do no damage.
The gnoll hits you from afar with a +3 halberd!
* * * LOW HITPOINT WARNING * * *
A demonic guardian appears!
The gnoll hits you with a +0 whip.
* * * LOW HITPOINT WARNING * * *
You barely miss the gnoll. The gnoll hits you with a +0 whip.
* * * LOW HITPOINT WARNING * * *
The gnoll hits you from afar with a +3 halberd!
You die...

* ### ..# ### ### , *#.#
#.# ##.# * #.#
####.####.#.
#.###.#####........###
#...........#...###.#.
###..##.######>....###.#
......5.# ##...## ###
#.##.##@# ##.## *# *#g#
#.# #g# #.# , , *#.#
##'## *#.# ##...##
........# ##.....##
#.......# ##.......##
###.#...#* #.........###
# ..... +.........+..


You could see 2 gnolls and a friendly iron imp (summoned).

Vanquished Creatures
  Sigmund (D:2)
  Menkaure (D:4)
  A black bear (D:1)
  An ogre (D:3)
  Jessica (D:3)
  2 orc wizards (D:3)
  5 adders
  5 gnolls
  2 worms
  A dart slug (D:2)
  12 orcs
  6 endoplasms
  A giant cockroach (D:2)
  5 goblins
  3 hobgoblins
  3 jackals (D:4)
  3 quokkas
  7 ball pythons
  2 bats (D:2)
  6 kobolds
  5 rats
73 creatures vanquished.

Vanquished Creatures (collateral kills)
  A gnoll (D:2)
  2 orcs (D:3)
  A hobgoblin (D:2)
  2 kobolds (D:2)
6 creatures vanquished.

Vanquished Creatures (others)
  A withered plant (D:3)
1 creature vanquished.

Grand Total: 80 creatures vanquished

Notes
Turn   | Place    | Note
-------+----------+-------------------------------------------
     0 | D:1      | theswoord the Demonspawn Gladiator began the quest for the
                  | Orb.
     0 | D:1      | Reached XP level 1. HP: 16/16 MP: 1/1
    83 | D:1      | Reached skill level 3 in Staves
   175 | D:1      | Gained mutation: A weak demonic guardian rushes to your
                  | aid. [demonic ancestry]
   175 | D:1      | Reached XP level 2. HP: 22/22 MP: 2/2
   823 | D:2      | Reached XP level 3. HP: 15/27 MP: 3/3
   980 | D:2      | Reached skill level 4 in Staves
  1112 | D:2      | Gained mutation: You are frail. (-10% HP) [potion of
                  | mutation]
  1115 | D:2      | Lost mutation: You are frail. (-10% HP) [potion of
                  | mutation]
  1115 | D:2      | Gained mutation: You sometimes lose your temper in combat.
                  | [potion of mutation]
  1115 | D:2      | Gained mutation: You have sharp fingernails. [potion of
                  | mutation]
  1115 | D:2      | HP: 1/27 [gnoll/+0 halberd (4)]
  1259 | D:2      | Lost mutation: You have sharp fingernails. [demonic
                  | ancestry]
  1259 | D:2      | Gained mutation: Your touch may inflict minor irresistible
                  | damage on your foes. [demonic ancestry]
  1259 | D:2      | Reached XP level 4. HP: 33/33 MP: 4/4
  1416 | D:2      | Noticed a black bear
  1417 | D:2      | Noticed Sigmund
  1458 | D:1      | Killed a black bear
  1459 | D:1      | Reached skill level 5 in Staves
  1459 | D:1      | Gained mutation: Spells you cast may paralyse adjacent
                  | enemies. [demonic ancestry]
  1459 | D:1      | Reached XP level 5. HP: 4/38 MP: 5/5
  1639 | D:2      | Killed Sigmund
  1640 | D:2      | Reached skill level 6 in Staves
  1640 | D:2      | Reached XP level 6. HP: 28/44 MP: 6/6
  2284 | D:3      | Found a faded altar of an unknown god.
  2322 | D:3      | Reached skill level 7 in Staves
  2570 | D:3      | Noticed Jessica
  2576 | D:3      | Killed Jessica
  2577 | D:3      | Reached XP level 7. HP: 50/50 MP: 7/7
  3001 | D:4      | Lost mutation: You sometimes lose your temper in combat.
                  | [potion of mutation]
  3001 | D:4      | Gained mutation: You passively map a small area around you.
                  | [potion of mutation]
  3001 | D:4      | Gained mutation: You have hidden genetic potential. [potion
                  | of mutation]
  3038 | D:4      | Noticed Menkaure
  3051 | D:4      | Killed Menkaure
  3383 | D:4      | Reached skill level 8 in Staves
  3392 | D:4      | Slain by a gnoll

Skill      XL: |  1  2  3  4  5  6  7 |
---------------+----------------------+-----
Staves         | 3 4 5 6 7 8 |  8.0
Fighting       | |  2.0
Throwing       | |  1.7
Dodging        | |  2.6

Action                     |  1- 3 |  4- 6 |  7- 9 || total
---------------------------+-------+-------+-------++-------
  Melee: Quarterstaff      |    85 |    98 |    69 ||   252
  Throw: Throwing net      |       |     2 |       ||     2
    Use: Scroll            |     5 |     3 |     4 ||    12
         Potion            |     3 |       |     2 ||     5
   Stab: Sleeping          |     1 |       |       ||     1
 Armour: Leather armour    |     8 |       |       ||     8
         Scale mail        |    34 |    63 |    20 ||   117
         Skin              |       |       |     2 ||     2
  Dodge: Dodged            |    66 |    73 |    26 ||   165
  Block: Other             |    11 |    32 |       ||    43
         Reflection        |     2 |     3 |       ||     5

Levels and vault maps discovered:
D:1:      lightli_arrival_maybe_door_vault, layout_loops_ring,
          ebering_dispersal_statue_hall
D:2:      minmay_general_purpose_star, layout_basic, minmay_split_cup_large,
          uniq_sigmund
D:3:      layout_basic, ebering_ecumenical_altar_petrified, uniq_jessica
D:4:      layout_loops_corners, chequers_serial_rivers_large_a,
          uniq_crazy_yiuf_cottage, uniq_menkaure
